 Dungeon Crawl Stone Soup version 0.26-a0-30-g56b8cd3df0 (webtiles) character file.

Game seed: 8267846123967430533, levelgen mode: deterministic

23 Lanoc the Skirmisher (level 2, -1/26 HPs)
             Began as a Draconian Chaos Knight on May 31, 2020.
             Was a Plaything of Xom.
             Slain by a quokka (5 damage)
             ... on level 2 of the Dungeon.
             The game lasted 00:00:49 (409 turns).

Lanoc the Skirmisher (Draconian Chaos Knight)        Turns: 409, Time: 00:00:49

Health: -1/26      AC:  4    Str: 14    XL:     2   Next: 75%
Magic:  2/2        EV: 12    Int: 12    God:    Xom [....*.]
Gold:   14         SH:  0    Dex: 10    Spells: 1/1 levels left

rFire    . . .     SeeInvis .   a - +0 mace (chaos)
rCold    . . .     Gourm    .   (no shield)
rNeg     . . .     Faith    .   (armour unavailable)
rPois    .         Spirit   .   (helmet restricted)
rElec    .         Reflect  .   (no cloak)
rCorr    .         Harm     .   (no gloves)
MR       .....                  (no boots)
Stlth    +.........             (no amulet)
HPRegen  0.08/turn              (no ring)
MPRegen  0.08/turn              (no ring)

@: no status effects
A: unfitting armour, cold-blooded, AC +4
a: Renounce Religion


You were on level 2 of the Dungeon.
You worshipped Xom.
You were a beloved toy of Xom.
You were not hungry.

You visited 1 branch of the dungeon, and saw 2 of its levels.

You collected 14 gold pieces.

Inventory:

Hand Weapons
 a - a +0 mace of chaos (weapon)
Scrolls
 c - a scroll of amnesia {unknown}
Comestibles
 b - 2 rations
 d - 2 chunks of flesh


   Skills:
 + Level 3.6 Fighting
 * Level 3.5 Maces & Flails
 + Level 2.4 Dodging


You had one spell level left.
You didn't know any spells.
Your spell library was empty.

Dungeon Overview and Level Annotations

Branches:
Dungeon (2/15)

Altars:


Innate Abilities, Weirdness & Mutations

Your plain brown scales are hard. (AC +4)
You cannot fit into any form of body armour.
You are cold-blooded and may be slowed by cold attacks.


Message History

The frilled lizard bites you.
* * * LOW HITPOINT WARNING * * *
The quokka bites you but does no damage.
The frilled lizard bites you but does no damage.
The quokka barely misses you.
You closely miss the quokka. The quokka bites you.
* * * LOW HITPOINT WARNING * * *
The frilled lizard closely misses you.
You sock the frilled lizard!
You kill the frilled lizard!
The quokka bites you.
* * * LOW HITPOINT WARNING * * *
You hit the quokka.
Your tail-slap misses the quokka.
The quokka is lightly wounded.
The quokka closely misses you. x2
You closely miss the quokka.
The quokka is lightly wounded.
The quokka barely misses you. The quokka bites you.
You die... "It's all fun and games until someone loses an eye."

#### ###########
....#### #.........#
..<....# #.........#
.......# #.........#
.......# #.........#
.......####.........#
................r...#
.<##.....##.....@...#
#......(.##.........##
###.....>...............
###..........!.#########
.÷....#.#.####.#
###.....#..##..#
##.#...#......##..
.........÷>........
.....##.#......#.


You could see a quokka.

Vanquished Creatures
  An adder (D:2)
  2 dart slugs
  A bat (D:1)
  4 jackals (D:1)
  A ball python (D:1)
  A frilled lizard (D:2)
  2 rats (D:2)
12 creatures vanquished.

Vanquished Creatures (others)
  A leopard gecko (D:2)
  A rat (D:2)
2 creatures vanquished.

Grand Total: 14 creatures vanquished

Notes
Turn   | Place    | Note
-------+----------+-------------------------------------------
     0 | D:1      | Lanoc the Draconian Chaos Knight began the quest for the
                  | Orb.
     0 | D:1      | Reached XP level 1. HP: 19/19 MP: 1/1
    85 | D:1      | XOM: confuse monster(s)
   128 | D:1      | Reached XP level 2. HP: 6/26 MP: 2/2
   369 | D:2      | XOM: smoke on damage
   409 | D:2      | Slain by a quokka

Illustrated notes

Levels and vault maps discovered:
D:1:      dpeg_arrival_circle_labyrinth_c, layout_basic
D:2:      layout_rooms, fiery_altar_vehumet, first_ration, xom_teletrap_fun

Action                   || total
-------------------------++-------
Melee: Mace              ||    33
       Tailslap          ||     1
Armor: Skin              ||    14
Dodge: Dodged            ||    23

Table legend:
 A = Non-vault XP
 B = Vault XP
 C = Vault XP percentage of total XP
 D = Non-vault monster count
 E = Vault monster count
 F = Vault count percentage of total count
                 A         B        C        D         E       F
            +---------+---------+-------+---------+---------+-------
      Total |      34 |       0 |   0.0 |      12 |       0 |   0.0
            +---------+---------+-------+---------+---------+-------
        D:1 |      13 |       0 |   0.0 |       7 |       0 |   0.0
        D:2 |      21 |       0 |   0.0 |       5 |       0 |   0.0
            +---------+---------+-------+---------+---------+-------
